 Dungeon Crawl Stone Soup version 0.28.0-53-g5a82cb258f (webtiles) character file.

Game seed: 3381605681454945646

496 Peloso the Covered (level 6, -1/56 HPs)
             Began as a Minotaur Fighter on June 30, 2022.
             Slain by an ogre
             ... wielding a +0 giant club
              (21 damage)
             ... on level 5 of the Dungeon.
             The game lasted 00:04:05 (3384 turns).

Peloso the Covered (Minotaur Fighter)               Turns: 3384, Time: 00:04:05

Health: -1/56      AC:  7    Str: 20    XL:     6   Next: 93%
Magic:  5/5        EV: 10    Int:  5    God:
Gold:   181        SH:  5    Dex: 12    Spells: 5/5 levels left

rFire   . . .      SeeInvis .   a - +0 long sword
rCold   . . .      Faith    .   c - +0 buckler
rNeg    . . .      Spirit   .   b - +0 scale mail
rPois   .          Reflect  .   (helmet restricted)
rElec   .          Harm     .   (no cloak)
rCorr   .          Rampage  .   (no gloves)
Will    .....                   (no boots)
Stlth   ..........              (no amulet)
HPRegen 0.18/turn               (no ring)
MPRegen 0.09/turn               (no ring)

@: mighty
A: horns 2, retaliatory headbutt
a: no special abilities


You were on level 5 of the Dungeon.
You visited 1 branch of the dungeon, and saw 5 of its levels.

You collected 181 gold pieces.

Inventory:

Hand Weapons
 a - a +0 long sword (weapon)
Armour
 b - a +0 scale mail (worn)
 c - a +0 buckler (worn)
Jewellery
 g - a ring of resist corrosion
 i - a ring of wizardry
Wands
 e - a wand of paralysis (7)
 o - a wand of polymorph (22)
Scrolls
 f - 3 scrolls of identify {unknown}
 h - 2 scrolls of amnesia {unknown}
 k - 2 scrolls of fog {unknown}
 m - 6 scrolls of teleportation
 n - a scroll of holy word {unknown}
Potions
 j - a potion of curing {unknown}
 l - a potion of brilliance {unknown}
 p - 2 potions of degeneration {unknown}
 q - a potion of lignification {unknown}
 r - a potion of berserk rage {unknown}
 s - a potion of cancellation {unknown}


   Skills:
 + Level 5.2 Fighting
 + Level 5.3 Long Blades
 + Level 6.0 Armour
 + Level 1.6 Dodging
 + Level 0.1 Stealth
 + Level 4.7 Shields
 + Level 0.8 Unarmed Combat


You had 5 spell levels left.
You didn't know any spells.
Your spell library contained the following spells:

 Spells                   Type           Power      Damage    Failure   Level
 Sublimation of Blood     Necr           0%         N/A       95%         2
 Petrify                  Tmut/Erth      0%         N/A       100%        4
 Summon Ice Beast         Ice/Summ       0%         N/A       100%        4
 Irradiate                Conj/Tmut      0%         3d14      100%        5
 Summon Mana Viper        Hex/Summ       0%         N/A       100%        5
 Monstrous Menagerie      Summ           0%         N/A       100%        7


Dungeon Overview and Level Annotations

Branches:
Dungeon (4/15)
 Temple: D:4-7

Altars:

Shops:
D:2 (


Innate Abilities, Weirdness & Mutations

You have a pair of horns on your head.
You reflexively headbutt those who attack you in melee.


Message History

The hound bites you but does no damage. The centaur barely misses you.
You furiously retaliate!
You headbutt the centaur.
The centaur kicks you but does no damage.
The howler monkey hoots and howls with incredible vigour!
You slash the centaur!
You kill the centaur!
The hound misses you. You furiously retaliate!
You headbutt the hound. The hound bites you but does no damage.
Unknown command.
You hit the howler monkey. Your headbutt misses the howler monkey.
The howler monkey is moderately wounded.
The hound bites you. The howler monkey barely misses you.
You furiously retaliate!
You headbutt the howler monkey! The hound bites you.
You closely miss the howler monkey.
The howler monkey is almost dead.
You block the howler monkey's attack. The hound closely misses you.
The howler monkey barely misses you. You furiously retaliate!
You headbutt the howler monkey!
You kill the howler monkey!
The hound bites you but does no damage.
Your Armour skill increases to level 6!
You hit the ogre. Your headbutt misses the ogre.
The ogre is lightly wounded.
A hound comes into view.
The hound bites you but does no damage.
The iguana hisses menacingly.
The ogre barely misses you.
You barely miss the ogre.
The ogre is lightly wounded.
The hound closely misses you.
An adder comes into view. x2
You block the hound's attack. The ogre misses you.
You barely miss the ogre. You headbutt the ogre!
The ogre is heavily wounded.
The hound barely misses you. The hound completely misses you.
You slash the ogre!
The ogre is almost dead.
The hound bites you.
The ogre hits you with a +0 giant club!!
You die...

....#.#.... .
.....#... ..
....... #.. .S...
.... ...
#....##.#####..
.......hS......
#######.##h#####..
........##@#
........##O#
........##l#
........##.#
........##.#
...........#
####+#.##.# #.##.#
# #.##.# .


You could see an ogre, an iguana, 2 hounds and 2 adders.

Vanquished Creatures
  A centaur (D:5)
  A scorpion (D:5)
  A water moccasin skeleton (D:4)
  2 howler monkeys
  Jessica (D:2)
  3 orc wizards
  A hound skeleton (D:4)
  An adder (D:2)
  An adder zombie (D:4)
  4 worms
  A dart slug (D:4)
  8 orcs
  11 ball pythons
  4 endoplasms
  7 giant cockroaches
  9 goblins
  6 hobgoblins
  8 kobolds
  3 quokkas
  5 bats
  2 frilled lizards (D:1)
  3 rats
83 creatures vanquished.

Notes
Turn   | Place    | Note
-------+----------+-------------------------------------------
     0 | D:1      | Peloso the Minotaur Fighter began the quest for the Orb.
     0 | D:1      | Reached XP level 1. HP: 19/19 MP: 0/0
    43 | D:1      | Found a faded altar of an unknown god.
   204 | D:1      | Reached skill level 4 in Armour
   204 | D:1      | Reached XP level 2. HP: 27/27 MP: 1/1
   865 | D:2      | Noticed Jessica
   866 | D:2      | Reached XP level 3. HP: 31/33 MP: 2/2
   871 | D:2      | Killed Jessica
   928 | D:2      | Found Tale's Weapon Emporium.
  1053 | D:2      | Reached XP level 4. HP: 34/40 MP: 3/3
  1963 | D:3      | Reached XP level 5. HP: 3/47 MP: 4/4
  2689 | D:4      | Reached skill level 5 in Armour
  2689 | D:4      | Reached skill level 1 in Dodging
  2753 | D:4      | Reached skill level 5 in Fighting
  2753 | D:4      | Reached XP level 6. HP: 49/56 MP: 5/5
  3350 | D:4      | You fall into a shaft and drop 1 floor!
  3350 | D:5      | Entered Level 5 of the Dungeon
  3374 | D:5      | Reached skill level 5 in Long Blades
  3381 | D:5      | Reached skill level 6 in Armour
  3384 | D:5      | Slain by an ogre

Illustrated notes

Levels and vault maps discovered:
D:1:      zaba_arrival_water, layout_rooms, chequers_ecumenical_altar_twisty
D:2:      layout_loops_cross, serial_shops, nicolae_shop_bloodbath_and_beyond,
          uniq_jessica
D:3:      layout_loops_ring
D:4:      layout_loops_cross, minmay_fractal_squares_diagonal_5
D:5:      layout_basic, nicolae_ossuary_entry_giza, serial_shops,
          shop_fountains, glass_columns_b

Skill      XL: |  1  2  3  4  5  6 |
---------------+-------------------+-----
Armour         | 4 5 6 |  6.0
Fighting       | 4 5 |  5.2
Shields        | 4 |  4.7
Long Blades    | 3 4 5 |  5.3
Dodging        | 1 |  1.6
Stealth        | |  0.1
Unarmed Combat | |  0.8

Action                   |  1- 3 |  4- 6 || total
-------------------------+-------+-------++-------
Melee: Long sword        |    78 |   135 ||   213
       Headbutt          |     9 |    21 ||    30
       Unarmed           |       |     2 ||     2
  Use: Potion            |       |     2 ||     2
       Scroll            |       |     1 ||     1
Armor: Scale mail        |    34 |    85 ||   119
Dodge: Dodged            |    33 |    67 ||   100
Block: Buckler           |    26 |    34 ||    60
